 Dungeon Crawl Stone Soup version 0.27-a0-1140-g099f9bb0e8 (webtiles) character file.

Game seed: 570305486924970148

74 HoaS the Bolt Thrower (level 4, -1/26 HPs)
             Began as a Tengu Hunter on May 8, 2021.
             Killed by nerve-wracking pain
             ... invoked by an orc priest
              (6 damage)
             ... on level 2 of the Dungeon.
             The game lasted 00:06:34 (1619 turns).

HoaS the Bolt Thrower (Tengu Hunter)                Turns: 1619, Time: 00:06:35

Health: -1/26      AC:  6    Str: 13    XL:     4   Next: 28%
Magic:  5/5        EV: 12    Int: 12    God:
Gold:   110        SH:  0    Dex: 14    Spells: 3/3 levels left

rFire    + . .     SeeInvis .   g - +2 dagger (speed)
rCold    . . .     Faith    .   (no shield)
rNeg     . . .     Spirit   .   f - +3 leather armour {rF+}
rPois    .         Reflect  .   (helmet restricted)
rElec    .         Harm     .   (no cloak)
rCorr    .         Rampage  .   (no gloves)
Will     .....                  (boots unavailable)
Stlth    +.........             (no amulet)
HPRegen  0.08/turn              (no ring)
MPRegen  0.09/turn              (no ring)

@: no status effects
A: beak, talons 3
a: no special abilities


You were on level 2 of the Dungeon.
You visited 1 branch of the dungeon, and saw 2 of its levels.

You collected 110 gold pieces.

Inventory:

Hand Weapons
 a - a +1 hand crossbow
 g - a +2 dagger of speed (weapon)
Missiles
 d - 20 bolts
Armour
 f - a +3 leather armour of fire resistance (worn)
Potions
 b - a potion of attraction {unknown}
 c - a potion of flight
 h - a potion of curing
 j - a potion of mutation {unknown}


   Skills:
 - Level 2.0 Fighting
 + Level 0.3 Short Blades
 + Level 6.2 Crossbows
 - Level 2.1 Dodging
 - Level 1.0 Stealth


You had 3 spell levels left.
You didn't know any spells.
Your spell library was empty.

Dungeon Overview and Level Annotations

Branches:
Dungeon (2/15)

Altars:
Gozag

Shops:
D:1 (

Annotations:
D:2 Robin


Innate Abilities, Weirdness & Mutations

You have a beak for a mouth.
You have claws for feet.


Message History

You closely miss the adder. Your kick misses the adder.
The adder barely misses you.
You hit the adder. Your kick misses the adder.
The adder is moderately wounded.
You barely miss the adder.
The adder is moderately wounded.
The adder barely misses you.
You closely miss the adder. You peck the adder.
The adder is severely wounded.
The adder barely misses you.
You hit the adder.
You kill the adder!
Found an opulent altar of Gozag.
Found a chain mail.
An orc priest comes into view. It is wielding a +0 hand axe.
The orc priest mumbles some strange prayers to Beogh against you.
Pain shoots through your body!
You barely miss the orc priest. Your kick misses the orc priest.
An orc comes into view. It is wielding a +0 flail.
The orc shouts!
You hit the orc priest. Your kick misses the orc priest.
The orc priest is heavily wounded.
The orc priest closely misses you.
You hit the orc priest. You claw the orc priest.
The orc priest is almost dead.
The orc priest invokes the aid of Beogh against you.
Pain shoots through your body!
You closely miss the orc priest.
The orc priest is almost dead.
You hit the orc priest but do no damage.
You claw the orc priest, but do no damage.
The orc priest is almost dead.
The orc priest invokes the aid of Beogh against you.
Beogh smites you!
* * * LOW HITPOINT WARNING * * *
You completely miss the orc priest.
The orc priest is almost dead.
The orc priest calls down the wrath of Beogh upon you.
Pain shoots through your body!
You die...

###### #......# .ggg.#
#.###..# .###.# #......#
.# #.# #.###### .# #.#
#.# .# #.# #.#
.###.####.#
.......##.##############
.###.#..........@.......
.# #.####.#######o......
.# #.# #.### #o.###. .#
#.####...##### ..# .#
#............# .#
.###..#########.##..#
..(..## ..# ###..# ... #
#..# ...


You could see an orc priest and an orc.

Vanquished Creatures
  An adder (D:2)
  2 dart slugs
  4 ball pythons
  A bat (D:2)
  3 endoplasms (D:2)
  A giant cockroach (D:2)
  4 goblins
  5 hobgoblins
  12 jackals (D:1)
  6 kobolds
  3 quokkas (D:1)
  4 frilled lizards
  6 rats (D:1)
52 creatures vanquished.

Notes
Turn   | Place    | Note
-------+----------+-------------------------------------------
     0 | D:1      | HoaS the Tengu Hunter began the quest for the Orb.
     0 | D:1      | Reached XP level 1. HP: 12/12 MP: 2/2
    90 | D:1      | Reached XP level 2. HP: 6/17 MP: 3/3
   345 | D:1      | Reached skill level 5 in Crossbows
   480 | D:1      | Found Yffahacw's Antique Weapon Boutique.
   644 | D:1      | Reached XP level 3. HP: 12/21 MP: 4/4
  1280 | D:2      | Reached skill level 6 in Crossbows
  1308 | D:2      | Found a faded altar of an unknown god.
  1318 | D:2      | Reached XP level 4. HP: 21/26 MP: 5/5
  1386 | D:2      | Noticed Robin
  1576 | D:2      | Found an opulent altar of Gozag.
  1619 | D:2      | Killed from afar by an orc priest

Illustrated notes

Levels and vault maps discovered:
D:1:      wander_arrival_estate, layout_basic, serial_shops,
          nicolae_shop_overgrown_old_shop, hangedman_decor_points
D:2:      cheibrodos_pilgrimage, layout_loops_ring, basic_altar,
          ebering_ecumenical_altar_sacrificial, uniq_robin

Skill      XL: |  1  2  3 |
---------------+----------+-----
Crossbows      | 5 6 |  6.2
Fighting       | |  2.0
Short Blades   | |  0.3
Dodging        | |  2.1
Stealth        | |  1.0

Action                   |  1- 3 |  4- 6 || total
-------------------------+-------+-------++-------
Melee: Short sword       |   101 |    10 ||   111
       Kick              |    25 |     5 ||    30
       Peck              |    12 |     1 ||    13
       Dagger            |       |    11 ||    11
  Use: Scroll            |     4 |     1 ||     5
 Stab: Sleeping          |     4 |       ||     4
Armor: Leather armour    |    24 |     1 ||    25
Dodge: Dodged            |    57 |    10 ||    67

Table legend: (Time is in decaauts)
 A = Elapsed time spent in this place.
 B = Non-inter-level travel time spent in this place.
 C = Inter-level travel time spent in this place.
 D = Time resting spent in this place.
 E = Time spent auto-exploring this place.
 F = Levels seen in this place.
 G = Mean time per level.
                   A        B        C        D        E       F      G
               +--------+--------+--------+--------+--------+-----+--------+
         Total |   1626 |   1582 |     44 |    315 |    902 |   2 |  813.0 |
       Dungeon |   1626 |   1582 |     44 |    315 |    902 |   2 |  813.0 |
               +--------+--------+--------+--------+--------+-----+--------+

Top non-repeatable levels by time:
     D:1: 1108 daAuts
     D:2: 517 daAuts
